 Dungeon Crawl Stone Soup version 0.22.1-5-g62c59d9 (webtiles) character file.

2933 Kairos the Cleaver (level 9, -11/47 HPs)
             Began as a Vine Stalker Fighter on Jan 14, 2019.
             Was a Believer of Okawaru.
             Mangled by a two-headed ogre
             ... wielding a +0 giant spiked club
              (18 damage)
             ... on level 8 of the Dungeon.
             The game lasted 00:10:24 (5807 turns).

Kairos the Cleaver (Vine Stalker Fighter)           Turns: 5807, Time: 00:10:24

Health: -11/47     AC: 12    Str: 22    XL:     9   Next: 80%
Magic:  0/10       EV: 13    Int:  8    God:    Okawaru [**....]
Gold:   390        SH: 13    Dex: 14    Spells: 8/8 levels left

rFire    . . .     SeeInvis .   a - +2 war axe
rCold    . . .     Gourm    .   c - +1 shield
rNeg     . . .     Faith    .   b - +0 scale mail
rPois    +         Spirit   +   (no helmet)
rElec    .         Reflect  .   g - +2 cloak {MR+}
rCorr    +         Harm     .   (no gloves)
MR       ++...                  (no boots)
Stlth    ++........             (no amulet)
HPRegen  0.55/turn              s - ring of resist corrosion
MPRegen  0.12/turn              v - ring of poison resistance

@: about to teleport, heroism
A: fangs 3, regeneration 1, magic shield, antimagic bite, no potion heal 3, rot
immunity
a: Heroism, Renounce Religion


You were on level 8 of the Dungeon.
You worshipped Okawaru.
Okawaru was pleased with you.
You were not hungry.

You visited 2 branches of the dungeon, and saw 9 of its levels.

You collected 390 gold pieces.

Inventory:

Hand Weapons
 a - a +2 war axe (weapon)
Armour
 b - a +0 scale mail (worn)
 c - a +1 shield (worn)
 g - a +2 cloak of magic resistance (worn)
Jewellery
 s - a ring of resist corrosion (left hand)
 u - an uncursed ring of fire
 v - a ring of poison resistance (right hand)
 G - an uncursed ring of ice {unknown}
Wands
 j - a wand of paralysis (17)
 l - a wand of flame (77)
 F - a wand of polymorph (11)
 I - a wand of random effects (6)
Scrolls
 h - 2 scrolls of teleportation
 i - 5 scrolls of remove curse
 r - 3 scrolls of blinking {unknown}
 w - 2 scrolls of amnesia {unknown}
 y - 2 scrolls of magic mapping {unknown}
 A - a scroll of identify
 B - 2 scrolls of fear {unknown}
 C - a scroll of holy word {unknown}
 D - 2 scrolls of immolation {unknown}
 E - 2 scrolls of fog {unknown}
Potions
 d - a potion of might
 e - 3 potions of degeneration {unknown}
 k - a potion of brilliance {unknown}
 m - 2 potions of berserk rage {unknown}
 n - 2 potions of heal wounds {unknown}
 o - 2 potions of cancellation {unknown}
 p - a potion of flight {unknown}
 q - a potion of ambrosia {unknown}
 t - 4 potions of curing {unknown}
 x - a potion of mutation {unknown}
 z - 2 potions of lignification {unknown}
 H - a potion of haste {unknown}
Comestibles
 f - 9 rations


   Skills:
 + Level 5.5(10.5) Fighting
 + Level 8.5(13.5) Axes
 + Level 5.1(10.1) Armour
 + Level 2.3(7.3) Dodging
 + Level 0.5(5.5) Stealth
 + Level 5.3(10.3) Shields


You had 8 spell levels left.
You didn't know any spells.
Your spell library contained the following spells:

 Spells                   Type           Power        Failure   Level  Hunger
 Magic Dart               Conj           #...         87%         1    ##.....
 Searing Ray              Conj           #.....       95%         2    ###....
 Dazzling Spray           Conj/Hex       #.....       99%         3    ####...
 Force Lance              Conj/Tloc      #.......     100%        4    #####..
 Fulminant Prism          Conj/Hex       #.........   100%        4    #####..
 Iskenderun's Mystic Bla  Conj           #.......     100%        4    #####..


Dungeon Overview and Level Annotations

Branches:
Dungeon (8/15)             Temple (1/1) D:6
   Lair: D:8-11

Altars:
Dithmenos
Fedhas
Gozag
Hepliaklqana
Makhleb
Okawaru
Ru
Uskayaw
Vehumet
Xom
Yredelemnul
Zin


Innate Abilities, Weirdness & Mutations

You have razor-sharp teeth.
Your natural rate of healing is unusually fast.
When hurt, damage is shared between your health and your magic reserves.
Your bite disrupts and absorbs the magic of your enemies.
Potions cannot restore your health.
You are immune to rotting.


Message History

You are too injured to fight recklessly!
You are too injured to fight recklessly!
Unknown command.
You are too injured to fight recklessly!
As you read the scroll of teleportation, it crumbles to dust.
You feel strangely unstable.
You hear a shout! x2
You block the orc warrior's attack. x2
An orc comes into view. It is wielding a dagger.
Your surroundings suddenly seem different.
The two-headed ogre shouts in stereo!
The two-headed ogre hits you with a giant spiked club!
* * * LOW HITPOINT WARNING * * *
The two-headed ogre hits you with a giant club.
* * * LOW HITPOINT WARNING * * *
Found a scroll labeled KIFOHO USEEL.
As you read the scroll of teleportation, it crumbles to dust.
You feel strangely unstable. You block the two-headed ogre's attack.
The two-headed ogre hits you with a giant club!!
You die...

.........#.##.#
..########.#.##.# ..
#####....#.# #.
#.....)).#.# #.
#....).....# #.
##.##.###### #. #.##.#
#.####.#####.##.# #
'?......O@...##.# #?
######..#.#...#.# ### .#
### #..........# .. (#..
....#.#...#.#
.#####.#######......##.#
.)..........#.......# #
.#####.####.#.#####.# .#
#......#. #.# .#
#.####... #..


You could see a two-headed ogre.

Vanquished Creatures
  Grinder (D:6)
  A hippogriff (D:7)
  Eustachio (D:4)
  A water moccasin (D:8)
  A black bear (D:7)
  2 orc warriors (D:7)
  An ice beast (D:5)
  4 ogres
  2 centaurs
  A big kobold (D:7)
  3 bullfrogs
  A scorpion (D:6)
  A water moccasin skeleton (D:4)
  4 wights (D:7)
  A howler monkey (D:8)
  4 crimson imps
  An orc priest (D:7)
  3 hounds
  Crazy Yiuf (D:2)
  2 jellies
  2 bullfrog skeletons
  2 iguanas
  2 worker ants
  Natasha (thrice) (D:2)
  A hound zombie (D:7)
  A worker ant zombie (D:7)
  3 gnolls (D:8)
  12 adders
  A shadow imp (D:7)
  2 oozes
  An adder zombie (D:7)
  An adder skeleton (D:8)
  2 worms
  3 dart slugs
  6 leopard geckos
  19 orcs
  3 ball pythons
  9 giant cockroaches
  6 goblins
  13 hobgoblins
  6 jackals
  13 kobolds
  2 quokkas (D:3)
  A ball python skeleton (D:4)
  8 bats
  6 frilled lizards
  7 rats
171 creatures vanquished.

Notes
Turn   | Place    | Note
-------+----------+-------------------------------------------
     0 | D:1      | Kairos the Vine Stalker Fighter began the quest for the
                  | Orb.
     0 | D:1      | Reached XP level 1. HP: 11/11 MP: 2/2
    36 | D:1      | Reached XP level 2. HP: 9/16 MP: 3/3
   232 | D:1      | Reached skill level 2 in Axes
   659 | D:1      | Reached XP level 3. HP: 18/19 MP: 2/4
  1047 | D:2      | Noticed Natasha
  1052 | D:2      | Killed Natasha
  1053 | D:2      | Gained mutation: Your natural rate of healing is unusually
                  | fast. [Vine Stalker growth]
  1053 | D:2      | Reached XP level 4. HP: 23/24 MP: 5/5
  1113 | D:2      | Noticed Natasha
  1124 | D:2      | Killed Natasha
  1346 | D:2      | Reached XP level 5. HP: 28/28 MP: 6/6
  1399 | D:2      | Noticed Natasha
  1407 | D:2      | Killed Natasha
  1407 | D:2      | Reached skill level 3 in Axes
  1667 | D:2      | Found a runed door.
  1678 | D:2      | Noticed Crazy Yiuf
  1683 | D:2      | Killed Crazy Yiuf
  1977 | D:3      | Reached XP level 6. HP: 30/32 MP: 7/7
  2321 | D:4      | Reached skill level 4 in Axes
  2767 | D:4      | Noticed Eustachio
  2836 | D:4      | Killed Eustachio
  2836 | D:4      | Reached skill level 1 in Dodging
  2836 | D:4      | Reached XP level 7. HP: 36/36 MP: 8/8
  2852 | D:4      | Got a wizard robe
  2863 | D:4      | Identified the cursed +1 robe "Ywiexywn" {rC+} (You found
                  | it on level 4 of the Dungeon)
  2901 | D:4      | Found a burning altar of Makhleb.
  2901 | D:4      | Found a shimmering altar of Xom.
  2903 | D:4      | Paralysed by a crimson imp for 5 turns
  2910 | D:4      | Reached skill level 5 in Axes
  3060 | D:5      | Entered Level 5 of the Dungeon
  3148 | D:5      | Found a shadowy altar of Dithmenos.
  3261 | D:5      | Gained mutation: You have razor-sharp teeth. [Vine Stalker
                  | growth]
  3261 | D:5      | Reached XP level 8. HP: 23/42 MP: 3/9
  3959 | D:6      | Reached skill level 6 in Axes
  4222 | D:6      | Noticed Grinder
  4249 | D:6      | Killed Grinder
  4638 | D:6      | Found a staircase to the Ecumenical Temple.
  4648 | Temple   | Entered the Ecumenical Temple
  4656 | Temple   | Became a worshipper of Warmaster Okawaru
  4790 | D:7      | Noticed a hippogriff
  4797 | D:7      | Killed a hippogriff
  4797 | D:7      | Reached skill level 7 in Axes
  4797 | D:7      | Reached XP level 9. HP: 39/46 MP: 8/10
  4821 | D:7      | Reached skill level 5 in Shields
  4875 | D:7      | Reached * piety under Okawaru
  5039 | D:7      | Reached skill level 5 in Fighting
  5039 | D:7      | Reached skill level 5 in Armour
  5063 | D:7      | Found a glowing silver altar of Zin.
  5595 | D:8      | Reached skill level 8 in Axes
  5671 | D:8      | Noticed a two-headed ogre
  5754 | D:8      | Reached ** piety under Okawaru
  5807 | D:8      | Mangled by a two-headed ogre

Skill      XL: |  1  2  3  4  5  6  7  8  9 |
---------------+----------------------------+-----
Shields        | 3 4 5 |  5.3
Axes           | 2 3 4 5 7 8 |  8.5
Fighting       | 3 4 5 |  5.5
Armour         | 3 4 5 |  5.1
Dodging        | 1 2 |  2.3
Stealth        | |  0.5

Action                   |  1- 3 |  4- 6 |  7- 9 || total
-------------------------+-------+-------+-------++-------
Melee: War axe           |    57 |   223 |   246 ||   526
       Bite              |    17 |    66 |    82 ||   165
Invok: Heroism           |       |       |     1 ||     1
Evoke: Wand              |       |       |     1 ||     1
  Use: Scroll            |       |     9 |     5 ||    14
  Eat: Chunk             |       |     6 |     7 ||    13
       Ration            |       |       |     1 ||     1
Armor: Scale mail        |    40 |    79 |    86 ||   205
Dodge: Dodged            |    29 |    66 |    74 ||   169
Block: Shield            |    35 |   134 |   134 ||   303
